 Dungeon Crawl Stone Soup version 0.20-a0-350-ga83eecc (webtiles) character file.

338 snakesoul the Covered (level 6, 0/39 HPs)
             Began as a Gargoyle Fighter on Dec 23, 2016.
             Slain by snakesoul's ghost (2 damage)
             ... on level 4 of the Dungeon.
             The game lasted 00:05:01 (3030 turns).

snakesoul the Covered (Gargoyle Fighter)            Turns: 3030, Time: 00:05:02

Health: 0/39       AC: 16    Str: 19    XL:     6   Next: 55%
Magic:  6/6        EV:  7    Int:  9    God:
Gold:   111        SH:  9    Dex: 11    Spells: 5/5 levels left

rFire  . . .     SeeInvis .     x - +0 flail
rCold  . . .     Gourm    .     b - +0 scale mail
rNeg   + . .     Faith    .     c - +0 shield
rPois  ∞         Spirit   .     (no helmet)
rElec  +         Reflect  .     (no cloak)
rCorr  .         Harm     .     (no gloves)
MR     .....                    y - +0 pair of boots (curse)
Stlth  ..........               (no amulet)
                                q - ring of flight
                                e - +4 ring of protection

@: no status effects
A: negative energy resistance 1, electricity resistance, unbreathing,
petrification resistance, rot immunity, AC +4
a: Evoke Flight


You were on level 4 of the Dungeon.
You were hungry.

You visited 1 branch of the dungeon, and saw 4 of its levels.

You collected 111 gold pieces.

Inventory:

Hand Weapons
 x - a +0 flail (weapon)
Armour
 b - a +0 scale mail (worn)
 c - a +0 shield (worn)
 t - a +2 robe of magic resistance
 y - a cursed +0 pair of boots (worn)
Jewellery
 a - an uncursed ring of ice
 e - a +4 ring of protection (left hand)
 q - a ring of flight (right hand)
Wands
 p - a wand of lightning (4/15)
 v - a wand of lightning (9/15)
Scrolls
 g - a scroll of recharging {unknown}
 i - a scroll of remove curse {unknown}
 j - 2 scrolls of identify {unknown}
 k - a scroll of immolation
 w - 2 scrolls of teleportation {unknown}
Potions
 d - a potion of might
 l - a potion of heal wounds {unknown}
 m - a potion of degeneration {unknown}
 n - 2 potions of lignification {unknown}
 r - a potion of curing {unknown}
 z - a potion of brilliance {unknown}
Comestibles
 f - 3 bread rations
 h - a meat ration
 o - a slice of pizza
 u - a royal jelly


   Skills:
 + Level 4.4 Fighting
 * Level 4.4 Maces & Flails
 + Level 4.6 Armour
 + Level 4.5 Shields


You had 5 spell levels left.
You didn't know any spells.

Dungeon Overview and Level Annotations

Branches:
Dungeon (4/15)
 Temple: D:4-7

Altars:

Annotations:
D:4 snakesoul's ghost, amateur MiFi


Innate Abilities, Weirdness & Mutations

You are resistant to torment.
Your stone body is resilient. (AC +4)
You are immune to poison.
You resist negative energy. (rN+)
You are resistant to electric shocks. (rElec)
You can survive without breathing.
You are immune to petrification.
You are immune to rotting.


Message History

Snakesoul's ghost is moderately damaged.
Snakesoul's ghost hits you.
* * * LOW HITPOINT WARNING * * *
Snakesoul's ghost closely misses you.
You closely miss snakesoul's ghost.
Snakesoul's ghost is moderately damaged.
Snakesoul's ghost hits you but does no damage.
You hit snakesoul's ghost.
Snakesoul's ghost is moderately damaged.
You block snakesoul's ghost's attack.
You sock snakesoul's ghost!
Snakesoul's ghost is heavily damaged.
Snakesoul's ghost whispers, "It is all a dream - a grotesque and foolish dream."
You block snakesoul's ghost's attack.
You hit snakesoul's ghost.
Snakesoul's ghost is heavily damaged.
Snakesoul's ghost hits you.
* * * LOW HITPOINT WARNING * * *
Snakesoul's ghost hits you.
You die...

.. ### .# #.. .#
#.# .##### #### #.#
...... ...
##.####...#
#.##.....†...#
#........@W..#
###.##.............
#.....#.####..[....
#####.#.# .......
######...# ....?..
# #.....####
....... #.# #.###.#
.###### ... #.# .#
. .. #.# .


You could see snakesoul's ghost.

Vanquished Creatures
  Eustachio (D:3)
  An orc wizard (D:3)
  Jessica (D:3)
  2 worker ants (D:4)
  Robin (D:4)
  3 worms
  2 leopard geckos (D:3)
  11 orcs
  2 giant cockroaches
  13 goblins
  A hobgoblin (D:4)
  8 jackals
  5 kobolds
  A quokka (D:4)
  2 ball pythons
  6 bats
  4 frilled lizards
  A jackal skeleton (D:3)
  5 rats
70 creatures vanquished.

Notes
Turn   | Place    | Note
-------+----------+-------------------------------------------
     0 | D:1      | snakesoul the Gargoyle Fighter began the quest for the Orb.
     0 | D:1      | Reached XP level 1. HP: 14/14 MP: 1/1
   101 | D:1      | Reached XP level 2. HP: 16/19 MP: 2/2
   639 | D:2      | Found a faded altar of an unknown god.
   782 | D:2      | Reached XP level 3. HP: 23/23 MP: 3/3
  1163 | D:3      | Noticed Jessica
  1178 | D:3      | Killed Jessica
  1178 | D:3      | Reached XP level 4. HP: 25/28 MP: 4/4
  1986 | D:4      | Reached XP level 5. HP: 30/33 MP: 5/5
  1994 | D:4      | Noticed Eustachio
  2419 | D:3      | Killed Eustachio
  2419 | D:3      | Reached XP level 6. HP: 9/39 MP: 6/6
  2738 | D:4      | Noticed Robin
  2755 | D:4      | Killed Robin
  3005 | D:4      | Noticed snakesoul's ghost (amateur MiFi)
  3030 | D:4      | Slain by snakesoul's ghost

Vault maps used:
D:1:      lightli_arrival_noodles, serial_forest, infiniplex_forest_clump_tiny,
          infiniplex_forest_clump_diagonal, infiniplex_forest_end_3,
          infiniplex_forest_lined_ring
D:2:      chequers_ecumenical_altar_simple_redux
D:3:      first_bread, uniq_jessica
D:4:      uniq_eustachio, uniq_blork_the_orc, uniq_robin

Skill      XL: |  1  2  3  4  5 |
---------------+----------------+-----
Maces & Flails | 3 4 |  4.4
Armour         | 4 |  4.6
Shields        | 4 |  4.5
Fighting       | 4 |  4.4

Action                   |  1- 3 |  4- 6 || total
-------------------------+-------+-------++-------
Melee: Flail             |   107 |   271 ||   378
  Use: Scroll            |       |     1 ||     1
  Eat: Chunk             |     1 |     6 ||     7
Armor: Scale mail        |    67 |   256 ||   323
Dodge: Dodged            |    44 |   116 ||   160
Block: Shield            |    65 |   204 ||   269
